 Dungeon Crawl Stone Soup version 0.31.0-32-g396128a36d (webtiles) character file.

Game seed: 11077044685577878929

66 adizb the Firebug (level 4, -2/42 HPs)
             Began as an Oni Fire Elementalist on Mar 18, 2024.
             Succumbed to a scorpion's poison
             ... on level 2 of the Dungeon.
             The game lasted 00:02:57 (172 turns).

adizb the Firebug (Oni Fire Elementalist)            Turns: 172, Time: 00:02:58

Health: -2/42      AC:  3    Str: 14    XL:     4   Next: 15%
Magic:  1/8        EV: 10    Int: 16    God:
Gold:   18         SH:  0    Dex:  9    Spells: 8/9 levels left

rFire   . . .        c - +2 spear (venom)
rCold   . . .        (no shield)
rNeg    . . .        a - +0 robe
rPois   .            (helmet restricted)
rElec   .            (no cloak)
rCorr   .            (gloves unavailable)
SInv    .            (boots unavailable)
Will    .....        (no amulet)
Stlth   +            (no ring)
HPRegen 0.27/turn    (no ring)
MPRegen 0.11/turn

%: no passive effects
@: lethally poisoned (-2 -> -15), very slightly contaminated
A: large, unfitting armour, horns 1, tough skin 1, double potion healing,
drunken brawling
a: no special abilities


You were on level 2 of the Dungeon.
You visited 1 branch of the dungeon, and saw 2 of its levels.

You collected 18 gold pieces.

Inventory:

Hand Weapons
 c - a +2 spear of venom (weapon)
Armour
 a - a +0 robe (worn)
Potions
 b - a potion of magic


   Skills:
 + Level 1.9 Fighting
 + Level 2.3 Dodging
 - Level 1.4 Stealth
 + Level 3.0 Spellcasting
 + Level 1.6 Conjurations
 + Level 3.1 Fire Magic


You had 8 spell levels left.
You knew the following spells:

 Your Spells              Type           Power      Damage    Failure   Level
a - Foxfire               Conj/Fire      40%        2x1d6     7%          1

Your spell library contained the following spells:

 Spells                   Type           Power      Damage    Failure   Level
 Scorch                   Fire           24%        2d6       8%          2
 Inner Flame              Hex/Fire       7%         N/A       28%         3
 Volatile Blastmotes      Fire/Tloc      14%        2d11      28%         3
 Flame Wave               Conj/Fire      10%        2d6       56%         4


Dungeon Overview and Level Annotations

Branches:
Dungeon (1/15)

Altars:


Innate Abilities, Weirdness & Mutations

You are too large for most types of armour.
You have a pair of small horns on your head.
You have tough skin. (AC +1)
You gain doubled healing and magic from potions.
Whenever you drink a healing potion, you attack all around you.


Message History

You conjure some foxfire!
Casting: Foxfire (safe; 9% risk of failure)
Press: ? - help, Q - select action Dir - look around, f - activate You miscast Foxfire.
You are very lightly contaminated with residual magic.
Nothing appears to happen.
The foxfire hits the scorpion.
The scorpion is moderately wounded.
The foxfire hits the scorpion.
The scorpion is moderately wounded.
Your foxfire dissipates!
You hit the scorpion.
The scorpion is poisoned.
The scorpion is heavily wounded.
The scorpion closely misses you.
You closely miss the scorpion. Your headbutt misses the scorpion.
The scorpion is almost dead.
The scorpion stings you.
You are poisoned.
The scorpion poisons you! The scorpion stings you!
You are more poisoned.
The scorpion poisons you!
You hit the scorpion.
You kill the scorpion!
* * * LOW HITPOINT WARNING * * *
You feel very sick.
Your Fighting skill increases to level 1!
Your Dodging skill increases to level 2!
Your Spellcasting skill increases to level 3!
Your Fire Magic skill increases to level 3!
You have reached level 2!
You have reached level 3!
Your experience leads to an increase in your attributes!
Increase (S)trength, (I)ntelligence, or (D)exterity?
You feel stronger. x3
You have reached level 4!
Okay, then.
You aren't carrying any scrolls.
* * * LOW HITPOINT WARNING * * *
You feel very sick.
You die...

##### #...#
###...######
#%.†@.......
......#...##....
....§ #...# #
...s #...# ...
##### .. .


There were no monsters in sight!

Vanquished Creatures
  A scorpion (D:2)
  A dart slug (D:1)
  A bat (D:1)
  A ball python (D:1)
4 creatures vanquished.

Vanquished Creatures (others)
  9 foxfires
9 creatures vanquished.

Grand Total: 13 creatures vanquished

Notes
Turn   | Place    | Note
-------+----------+-------------------------------------------
     0 | D:1      | adizb the Oni Fire Elementalist began the quest for the
                  | Orb.
     0 | D:1      | Reached XP level 1. HP: 16/16 MP: 3/3
    83 | D:1      | Reached skill level 1 in Conjurations
   160 | D:1      | You fall into a shaft and drop 1 floor!
   161 | D:2      | Noticed a scorpion
   170 | D:2      | Killed a scorpion
   171 | D:2      | Reached skill level 1 in Fighting
   171 | D:2      | Reached XP level 2. HP: 3/28 MP: 0/6
   171 | D:2      | Reached XP level 3. HP: 4/35 MP: 0/7
   171 | D:2      | Reached XP level 4. HP: 5/42 MP: 0/8
   171 | D:2      | HP: 1/42 [poisoned by a scorpion]
   172 | D:2      | Succumbed to a scorpion's poison

Illustrated notes

Levels and vault maps discovered:
D:1:      giann_wishing_wells, layout_basic
D:2:      minmay_wonky_spiral, layout_basic, minmay_puff, uniq_terence,
          uniq_natasha

Skill      XL: |  1 |
---------------+----+-----
Conjurations   | 1 |  1.6
Fighting       | 1 |  1.9
Dodging        | 2 |  2.3
Spellcasting   | 3 |  3.0
Fire Magic     | 3 |  3.1
Stealth        | |  1.4

Action                     |  1- 3 |  4- 6 || total
---------------------------+-------+-------++-------
  Melee: Unarmed           |     6 |       ||     6
         Spear             |     3 |       ||     3
   Cast: Foxfire           |     6 |       ||     6
 Armour: Robe              |     5 |       ||     5
  Dodge: Dodged            |     4 |       ||     4
